 Dungeon Crawl Stone Soup version 0.31-a0-369-g8eba5f6939 (webtiles) character file.

Game seed: 1445831191568691862

95 floatRand the Ruffian (level 4, 0/52 HPs)
             Began as a Draconian Shapeshifter on July 28, 2023.
             Slain by a gnoll
             ... wielding a +0 halberd
             ... led by a gnoll bouda
              (3 damage)
             ... on level 3 of the Dungeon.
             The game lasted 00:01:11 (606 turns).

floatRand the Ruffian (Draconian Shapeshifter)       Turns: 606, Time: 00:01:12

Health: 0/52       AC: 22    Str: 23    XL:     4   Next: 40%
Magic:  4/4        EV:  2    Int:  9    God:
Gold:   61         SH:  0    Dex: 13    Spells: 3/3 levels left

rFire   . .          .
                       - Unarmed
rCold   . . .        (no shield)
rNeg    . . .        (body armour unavailable)
rPois   +            (helmet currently unavailable)
rElec   .            (cloak currently unavailable)
rCorr   .            (gloves currently unavailable)
SInv    .            (boots currently unavailable)
Will    .....        (no amulet)
Stlth   +            c - +6 ring of strength
HPRegen 0.28/turn    (no ring)
MPRegen 0.09/turn

%: no passive effects
@: tree-form
A: stationary, stasis, torment immunity, boosted hp, AC +5, unfitting armour,
(cold-blooded)
a: no special abilities


You were on level 3 of the Dungeon.
You were a tree.
You visited 1 branch of the dungeon, and saw 4 of its levels.

You collected 61 gold pieces.

Inventory:

Jewellery
 c - a +6 ring of strength (left branch)
Talismans
 b - a beast talisman
Scrolls
 d - a scroll of enchant armour {unknown}
 e - a scroll of identify {unknown}
 f - a scroll of revelation {unknown}


   Skills:
 - Level 1.1 Fighting
 - Level 1.7 Dodging
 * Level 4.6 Unarmed Combat
 + Level 3.6 Shapeshifting


You had 3 spell levels left.
You didn't know any spells.
Your spell library was empty.

Dungeon Overview and Level Annotations

Branches:
Dungeon (4/15)
 Temple: D:4-7

Altars:
Zin

Shops:
D:1 *


Innate Abilities, Weirdness & Mutations

You are a tree.
Your roots penetrate the ground, keeping you stationary.
You cannot be teleported.
You are immune to unholy pain and torment.
Your maximum health is greatly increased.
Your equipment is partially melded.
((Your plain brown scales are hard. (AC +5)))
You cannot fit into any form of body armour.
((You are cold-blooded and may be slowed by cold attacks.))


Message History

The gnolls pick up the pace!
You are too injured to fight recklessly!
Unknown command.
You cannot move.
You are too injured to fight recklessly!
Unknown command.
You cannot move.
You are too injured to fight recklessly!
You closely miss the gnoll bouda. The gnoll hits you but does no damage.
The gnoll bouda hits you but does no damage.
You smack the gnoll bouda!
The gnoll bouda is heavily wounded.
The gnoll hits you but does no damage.
Unknown command.
You smack the gnoll bouda!
The gnoll bouda is almost dead.
The gnoll bouda hits you with a +0 club.
The gnoll hits you but does no damage. x2
Unknown command.
You smack the gnoll bouda!
You kill the gnoll bouda!
The gnoll hits you but does no damage.
You have reached level 4!
You feel clever.
Unknown command.
The gnoll hits you from afar with a +0 halberd!
* * * LOW HITPOINT WARNING * * *
The gnoll hits you but does no damage.
The gnoll hits you from afar with a +0 halberd!
* * * LOW HITPOINT WARNING * * *
The gnoll hits you from afar with a +0 spear.
* * * LOW HITPOINT WARNING * * *
The gnoll hits you but does no damage. x2
You cannot move.
The gnoll hits you but does no damage. x2
The gnoll hits you but does no damage. x2
The gnoll hits you but does no damage. x2
Your attacks no longer feel as feeble.
The gnoll hits you from afar with a +0 halberd.
You die...

.. #. #### g #.
..# #. #. ###.#
#..#.##.#.#####
.#.......#.....#
.............>#.#
....##......g##.#
... #......gg)♣.#
. ###.#.#.#####
#.....# .......#
..........
...##.##.# ... #.
#.# .. #. ###


You could see 3 gnolls.

Vanquished Creatures
  A gnoll bouda (D:3)
  2 gnolls (D:3)
  2 adders (D:4)
  4 ball pythons (D:1)
  3 endoplasms
  4 goblins (D:1)
  2 hobgoblins (D:1)
  3 jackals (D:1)
  3 kobolds
  A quokka (D:1)
  3 bats (D:1)
28 creatures vanquished.

Notes
Turn   | Place    | Note
-------+----------+-------------------------------------------
     0 | D:1      | floatRand the Draconian Shapeshifter began the quest for
                  | the Orb.
     0 | D:1      | Reached XP level 1. HP: 16/16 MP: 1/1
    90 | D:1      | Reached XP level 2. HP: 20/23 MP: 2/2
   158 | D:1      | Found Piuhimopnu's General Store.
   431 | D:2      | Reached XP level 3. HP: 17/28 MP: 3/3
   484 | D:2      | You fall into a shaft and drop 2 floors!
   520 | D:4      | Reached skill level 4 in Unarmed Combat
   556 | D:4      | Found a glowing silver altar of Zin.
   600 | D:3      | Reached XP level 4. HP: 17/35 MP: 4/4
   601 | D:3      | HP: 1/52 [gnoll/+0 spear[a gnoll bouda] (2)]
   606 | D:3      | Slain by a gnoll

Illustrated notes

Levels and vault maps discovered:
D:1:      tarquinn_simple_flora_water_e, layout_rooms, serial_shops, shop
D:2:      layout_basic, shapermc_ecumenical_altar_petra, minmay_splitting_lines,
          uniq_crazy_yiuf_cottage
D:3:      layout_basic, mainiacjoe_overflow_alcove_3, minmay_between,
          uniq_jessica
D:4:      layout_cave_pools, mainiacjoe_overflow_concentric_impassable,
          nicolae_qazlal_general_emergency, gammafunk_ghost_cemetery,
          kennysheep_cross_bottleneck

Skill      XL: |  1  2  3 |
---------------+----------+-----
Unarmed Combat | 4 |  4.6
Fighting       | |  1.1
Dodging        | |  1.7
Shapeshifting  | |  3.6

Action                     |  1- 3 |  4- 6 || total
---------------------------+-------+-------++-------
  Melee: Unarmed           |    80 |       ||    80
         Tailslap          |     7 |       ||     7
         Punch             |     2 |       ||     2
    Use: Potion            |     1 |       ||     1
 Armour: Skin              |    32 |     9 ||    41
  Dodge: Dodged            |    40 |       ||    40

Table legend: (Time is in decaauts)
 A = Elapsed time spent in this place.
 B = Non-inter-level travel time spent in this place.
 C = Inter-level travel time spent in this place.
 D = Time resting spent in this place.
 E = Time spent auto-exploring this place.
 F = Levels seen in this place.
 G = Mean time per level.
                   A        B        C        D        E       F      G
               +--------+--------+--------+--------+--------+-----+--------+
         Total |    599 |    599 |      0 |     92 |    245 |   4 |  149.8 |
       Dungeon |    599 |    599 |      0 |     92 |    245 |   4 |  149.8 |
               +--------+--------+--------+--------+--------+-----+--------+

Top non-repeatable levels by time:
     D:1: 365 daAuts
     D:2: 114 daAuts
     D:4: 81 daAuts
     D:3: 37 daAuts
